 Dungeon Crawl Stone Soup version 0.30-a0-1043-g60ff8d5f49 (webtiles) character file.

Game seed: 7515342617887589792

277 Zonian the Ruffian (level 6, -1/52 HPs)
             Began as a Draconian Gladiator on Apr 9, 2023.
             Splashed by a jelly's acid (2 damage)
             ... on level 5 of the Dungeon.
             The game lasted 00:06:39 (3359 turns).

Zonian the Ruffian (Draconian Gladiator)            Turns: 3359, Time: 00:06:39

Health: -1/52      AC: -8    Str: 19    XL:     6   Next: 4%
Magic:  6/6        EV: 13    Int:  8    God:
Gold:   168        SH:  0    Dex: 12    Spells: 5/5 levels left

rFire   . . .      SeeInvis .      - Unarmed
rCold   . . .      Faith    .    (no shield)
rNeg    . . .      Spirit   .    (body armour unavailable)
rPois   .          Reflect  .    a - +0 hat
rElec   .          Rampage  .    (no cloak)
rCorr   .                        e - +0 pair of gloves
Will    .....                    l - +0 pair of boots
Stlth   +                        (no amulet)
HPRegen 0.28/turn                (no ring)
MPRegen 0.10/turn                (no ring)

@: corroded
A: AC +6, unfitting armour, cold-blooded
a: no special abilities


You were on level 5 of the Dungeon.
You visited 1 branch of the dungeon, and saw 5 of its levels.

You collected 168 gold pieces.

Inventory:

Missiles
 b - 4 throwing nets (quivered)
 c - a javelin
 d - 11 poisoned darts
Armour
 a - a +0 hat (worn)
 e - a +0 pair of gloves (worn)
 l - a +0 pair of boots (worn)
Scrolls
 h - 2 scrolls of teleportation
 i - a scroll of noise
 k - a scroll of enchant armour {unknown}
 m - a scroll of fog {unknown}
 n - a scroll of amnesia {unknown}
 p - a scroll of brand weapon {unknown}
 q - a scroll of fear {unknown}
 u - a scroll of poison {unknown}
 v - a scroll of blinking {unknown}
 w - 2 scrolls of enchant weapon
Potions
 g - a potion of degeneration
 j - a potion of invisibility
 o - 3 potions of haste
 r - a potion of flight {unknown}
 s - a potion of heal wounds {unknown}
 t - 2 potions of cancellation {unknown}


   Skills:
 + Level 4.0 Fighting
 + Level 3.2 Throwing
 + Level 3.8 Dodging
 + Level 4.2 Unarmed Combat


You had 5 spell levels left.
You didn't know any spells.
Your spell library contained the following spells:

 Spells                   Type           Power      Damage    Failure   Level
 Ensorcelled Hibernation  Hex/Ice        0%         N/A       54%         2
 Passwall                 Tmut/Erth      0%         N/A       54%         2
 Swiftness                Air            0%         N/A       78%         3
 Arcjolt                  Conj/Air       0%         1d10      100%        5
 Summon Cactus Giant      Summ           0%         N/A       100%        6
 Orb of Destruction       Conj           0%         9d5       100%        7


Dungeon Overview and Level Annotations

Branches:
Dungeon (5/15)
 Temple: D:4-7

Altars:
Sif Muna
Xom
The Shining One

Shops:
D:3 :


Innate Abilities, Weirdness & Mutations

Your plain brown scales are hard. (AC +6)
You cannot fit into any form of body armour.
You are cold-blooded and may be slowed by cold attacks.


Message History

There is a stone staircase leading down here.
You climb downwards.
There is a stone staircase leading up here.
A jelly is nearby!
Unknown command.
The helpless jelly fails to defend itself.
You punch the jelly! The acid corrodes you!
Your hands burn!
The jelly is heavily wounded.
You hit the jelly but do no damage.
Your hands burn!
The jelly is heavily wounded.
The jelly hits you. The acid corrodes you!
You are splashed with acid!
You hit the jelly.
Your hands burn!
The jelly is severely wounded.
The jelly hits you. The acid corrodes you!
You are splashed with acid.
You hit the jelly but do no damage.
Your hands burn!
The jelly is severely wounded.
The jelly hits you. The acid corrodes you!
You are splashed with acid!
* * * LOW HITPOINT WARNING * * *
You hit the jelly but do no damage.
Your hands burn!
* * * LOW HITPOINT WARNING * * *
The jelly is severely wounded.
The jelly barely misses you.
You feel better. The jelly hits you.
* * * LOW HITPOINT WARNING * * *
You are splashed with acid.
* * * LOW HITPOINT WARNING * * *
You hit the jelly but do no damage.
Your hands burn!
* * * LOW HITPOINT WARNING * * *
The jelly is severely wounded.
The jelly barely misses you.
You feel better. The jelly hits you.
* * * LOW HITPOINT WARNING * * *
You are splashed with acid!
* * * LOW HITPOINT WARNING * * *
You hit the jelly but do no damage.
Your hands burn!
* * * LOW HITPOINT WARNING * * *
The jelly is severely wounded.
The jelly closely misses you.
You hit the jelly but do no damage.
Your hands burn!
You die...

###
#..
#.#
#J#
#@#
#.#
#.#
#..
#.#
...
...
..ยง


You could see a jelly.

Vanquished Creatures
  A hound (D:4)
  An orc priest (D:4)
  3 iguanas (D:4)
  3 adders
  4 worms
  3 dart slugs
  5 orcs
  8 ball pythons
  9 bats
  7 endoplasms
  3 giant cockroaches
  6 hobgoblins
  12 jackals
  8 kobolds
  3 quokkas
  2 frilled lizards
  5 goblins
  9 rats
92 creatures vanquished.

Notes
Turn   | Place    | Note
-------+----------+-------------------------------------------
     0 | D:1      | Zonian the Draconian Gladiator began the quest for the Orb.
     0 | D:1      | Reached XP level 1. HP: 17/17 MP: 1/1
   220 | D:1      | Reached XP level 2. HP: 22/25 MP: 2/2
   228 | D:1      | Got Enkeut's Vademecum on Power and Command
   315 | D:1      | Found a faded altar of an unknown god.
   532 | D:1      | Reached XP level 3. HP: 29/30 MP: 3/3
  1123 | D:2      | Reached XP level 4. HP: 36/38 MP: 4/4
  1399 | D:2      | Found a shimmering blue altar of Sif Muna.
  1752 | D:3      | Found a glowing golden altar of the Shining One.
  1830 | D:3      | Found Pezaor's Book Shop.
  2250 | D:4      | Reached XP level 5. HP: 23/45 MP: 5/5
  2435 | D:4      | Found a shimmering altar of Xom.
  2627 | D:4      | HP: 2/45 [orc priest/+0 trident (3)]
  2908 | D:4      | Reached XP level 6. HP: 45/52 MP: 6/6
  3349 | D:5      | Entered Level 5 of the Dungeon
  3356 | D:5      | HP: 2/52 [acid (2)]
  3359 | D:5      | Splashed by a jelly's acid

Illustrated notes

Levels and vault maps discovered:
D:1:      minmay_arrival_split_and_join, layout_loops_cross,
          shapermc_ecumenical_altar_acropolis, chequers_hall_statues_y,
          minmay_hexomino_f4
D:2:      layout_basic, basic_altar, hangedman_decor_riveting,
          grunt_ministairs_4, minmay_diced_spiral
D:3:      layout_rooms, mainiacjoe_overflow_chevrons, serial_shops, shop
D:4:      layout_basic, mainiacjoe_overflow_24_doors, corexii_leaking_fountain
D:5:      layout_loops_corners, mainiacjoe_overflow_catwalk_spiral,
          kennysheep_generic_room_7, uniq_edmund, uniq_ijyb, uniq_pikel,
          uniq_eustachio

Skill      XL: |  1  2  3  4  5  6 |
---------------+-------------------+-----
Throwing       | 2 3 |  3.2
Dodging        | 3 |  3.8
Fighting       | 3 4 |  4.0
Unarmed Combat | 4 |  4.2

Action                     |  1- 3 |  4- 6 || total
---------------------------+-------+-------++-------
  Melee: Unarmed           |   149 |   180 ||   329
         Tailslap          |    22 |    32 ||    54
         Punch             |     2 |     5 ||     7
  Throw: Throwing net      |       |     2 ||     2
         Javelin           |       |     1 ||     1
    Use: Scroll            |       |     7 ||     7
         Potion            |       |     4 ||     4
   Stab: Sleeping          |     4 |     1 ||     5
 Armour: Skin              |    58 |    44 ||   102
  Dodge: Dodged            |   110 |   112 ||   222

Table legend: (Time is in decaauts)
 A = Elapsed time spent in this place.
 B = Non-inter-level travel time spent in this place.
 C = Inter-level travel time spent in this place.
 D = Time resting spent in this place.
 E = Time spent auto-exploring this place.
 F = Levels seen in this place.
 G = Mean time per level.
                   A        B        C        D        E       F      G
               +--------+--------+--------+--------+--------+-----+--------+
         Total |   3338 |   3168 |    170 |    307 |   2062 |   5 |  667.6 |
       Dungeon |   3338 |   3168 |    170 |    307 |   2062 |   5 |  667.6 |
               +--------+--------+--------+--------+--------+-----+--------+

Top non-repeatable levels by time:
     D:4: 1191 daAuts
     D:1: 1032 daAuts
     D:2: 597 daAuts
     D:3: 507 daAuts
     D:5: 9 daAuts
